 Dungeon Crawl Stone Soup version 0.28.0-43-g3370ac3207 (webtiles) character file.

Game seed: 14379718508838640154

266 silky the Cudgeller (level 6, -2/55 HPs)
             Began as a Minotaur Chaos Knight on Mar 31, 2022.
             Was a Plaything of Xom.
             Killed by nerve-wracking pain
             ... invoked by an orc priest
              (14 damage)
             ... on level 4 of the Dungeon.
             The game lasted 00:09:47 (3734 turns).

silky the Cudgeller (Minotaur Chaos Knight)         Turns: 3734, Time: 00:09:47

Health: -2/55      AC:  5    Str: 19    XL:     6   Next: 0%
Magic:  5/5        EV:  9    Int:  9    God:    Xom [......]
Gold:   137        SH:  6    Dex: 11    Spells: 5/5 levels left

rFire   . . .      SeeInvis .   a - +0 mace (chaos)
rCold   . . .      Faith    .   p - +0 kite shield
rNeg    . . .      Spirit   .   b - +1 ring mail {rPois}
rPois   +          Reflect  .   (helmet restricted)
rElec   .          Harm     .   (no cloak)
rCorr   .          Rampage  .   d - +0 pair of gloves
Will    .....      Rage     1%  (no boots)
Stlth   +.........              (no amulet)
HPRegen 0.00/turn               n - +6 ring of dexterity
MPRegen 0.09/turn               (no ring)

@: on berserk cooldown, inhibited regen, slowed, unable to read, very slow
A: horns 2, retaliatory headbutt, talons 1, berserk 1, clumsy 2, deformed body,
inhibited regeneration, inability to read while threatened, devolution 1
a: Renounce Religion


You were on level 4 of the Dungeon.
You worshipped Xom.
You were a very special plaything of Xom.
You visited 1 branch of the dungeon, and saw 4 of its levels.

You collected 137 gold pieces.

Inventory:

Hand Weapons
 a - a +0 mace of chaos (weapon)
 f - a +1 falchion of holy wrath
 q - the +5 hunting sling of Devotion {vorpal, Contam Will+++ SInv Stlth+}
   (You found it on level 3 of the Dungeon)

   Any ammunition fired from it inflicts extra damage upon your enemies.
   SInv:      It lets you see invisible.
   Contam:    It causes magical contamination when unequipped.
   Will:      It greatly increases your willpower.
   Stlth:     It makes you more stealthy.
Armour
 b - a +1 ring mail of poison resistance (worn)
 d - a +0 pair of gloves (worn)
 p - a +0 kite shield (worn)
Jewellery
 n - a +6 ring of dexterity (left hand)
Wands
 r - a wand of paralysis (6)
Scrolls
 c - a scroll of teleportation {unknown}
 g - 3 scrolls of immolation {unknown}
 h - 2 scrolls of fear {unknown}
 i - 2 scrolls of identify {unknown}
 k - a scroll of fog {unknown}
 m - a scroll of silence {unknown}
Potions
 e - a potion of resistance {unknown}
 j - a potion of brilliance {unknown}
 l - a potion of haste {unknown}
 o - 2 potions of heal wounds {unknown}


   Skills:
 + Level 4.8 Fighting
 + Level 0.1 Long Blades
 + Level 5.8 Maces & Flails
 + Level 4.2 Armour
 + Level 2.4 Dodging
 + Level 0.3 Stealth
 + Level 0.4 Shields


You had 5 spell levels left.
You didn't know any spells.
Your spell library contained the following spells:

 Spells                   Type           Power      Damage    Failure   Level
 Slow                     Hex            0%         N/A       94%         1
 Confusing Touch          Hex            0%         N/A       100%        3
 Vampiric Draining        Necr           0%         2d6       100%        3


Dungeon Overview and Level Annotations

Branches:
Dungeon (4/15)
 Temple: D:4-7

Altars:

Shops:
D:1 !


Innate Abilities, Weirdness & Mutations

You have a pair of horns on your head.
You reflexively headbutt those who attack you in melee.
You have sharp toenails.
You tend to lose your temper in combat.
You are very clumsy. (Dex -4)
Armour fits poorly on your strangely shaped body.
You do not regenerate when monsters are visible.
You sometimes lose the ability to read scrolls when taking damage.
You have hidden genetic defects.


Message History

The orc priest shouts!
The orc hits you but does no damage.
You see here a +0 helmet.
You hit the orc.
The orc is moderately wounded.
An orc comes into view. It is wielding a +0 dagger.
You block the orc's attack.
An orc comes into view. It is wielding a +0 flail.
The orc hits you with a +0 dagger.
You barely miss the orc.
The orc shouts!
You claw the orc.
The orc is heavily wounded.
The orc priest invokes the aid of Beogh against you.
Pain shoots through your body! The orc hits you but does no damage.
The orc priest mumbles some strange prayers to Beogh against you.
Beogh smites you!
You feel threatened and lose the ability to read scrolls!
A shower of butterflies erupts from you!
Found a stone staircase leading up.
The orc barely misses you. The orc hits you but does no damage.
Found a pink potion.
The orc priest completely misses your butterfly.
The orc priest calls upon Beogh to heal the orc.
The orc's wounds heal themselves!
You sock the orc! Lightning courses through the orc!
You kill the orc!
You have reached level 6!
You hit the orc priest. You claw the orc priest.
The orc priest is moderately wounded.
You can read scrolls again.
The orc priest barely misses you. You furiously retaliate!
You headbutt the orc priest! The orc hits you but does no damage.
The orc hits you with a +0 flail!
You feel threatened and lose the ability to read scrolls!
* * * LOW HITPOINT WARNING * * *
You emit a cloud of colourful smoke!
The orc priest mumbles some strange prayers to Beogh against you.
Pain shoots through your body!
You die...

...#.....)..........
...................
#.#b......†........
. # #......##..#....
..#.##......#...#
...
............##.##
.#.....b....#.<#
...b.b#oo.#....#
......§@o.#......
......#§##.......
........##........
.......####........
....... ..........
.#..... ............
##.<.. #...!


You could see an orc priest (ally target) and 2 orcs.

Vanquished Creatures
  A howler monkey (D:4)
  An orc wizard (D:3)
  Terence (D:2)
  8 adders
  An ufetubus (D:4)
  2 worms (D:2)
  3 dart slugs
  10 orcs
  6 bats
  5 endoplasms
  5 giant cockroaches
  7 goblins
  6 hobgoblins
  6 jackals
  5 kobolds
  3 quokkas
  5 ball pythons
  5 frilled lizards
  4 rats
84 creatures vanquished.

Notes
Turn   | Place    | Note
-------+----------+-------------------------------------------
     0 | D:1      | silky the Minotaur Chaos Knight began the quest for the
                  | Orb.
     0 | D:1      | Reached XP level 1. HP: 19/19 MP: 0/0
    54 | D:1      | Found Umesoano's Distillery.
    66 | D:1      | XOM: silly message
   262 | D:1      | XOM: silly message
   343 | D:1      | Reached XP level 2. HP: 27/27 MP: 1/1
   373 | D:1      | Reached skill level 4 in Maces & Flails
   391 | D:1      | XOM: silly message
   466 | D:1      | XOM: silly message
   559 | D:1      | XOM: divination: detect creatures
   778 | D:1      | XOM: silly message
   864 | D:2      | Noticed Terence
   875 | D:2      | Killed Terence
   876 | D:2      | Reached XP level 3. HP: 27/34 MP: 2/2
   922 | D:2      | XOM: summons 2 hostile demons
  1066 | D:2      | Reached XP level 4. HP: 19/41 MP: 3/3
  1283 | D:2      | Found a faded altar of an unknown god.
  1433 | D:2      | Reached skill level 5 in Maces & Flails
  2353 | D:3      | XOM: noise
  2367 | D:3      | Reached XP level 5. HP: 45/47 MP: 4/4
  2792 | D:3      | XOM: silly message
  2945 | D:3      | XOM: cloud trail
  3395 | D:3      | Identified the +5 hunting sling of Devotion {vorpal, Contam
                  | Will+++ SInv Stlth+}
  3406 | D:3      | XOM: torment (25/47 hp)
  3407 | D:3      | Gained mutation: You sometimes lose the ability to read
                  | scrolls when taking damage. [mutagenic glow]
  3418 | D:3      | Gained mutation: You tend to lose your temper in combat.
                  | [mutagenic glow]
  3460 | D:3      | Gained mutation: Armour fits poorly on your strangely
                  | shaped body. [mutagenic glow]
  3507 | D:3      | XOM: give mutations
  3507 | D:3      | Gained mutation: Your body sometimes deteriorates upon
                  | taking damage. [Xom's mischief]
  3507 | D:3      | Lost mutation: Your body sometimes deteriorates upon taking
                  | damage. [Xom's mischief]
  3507 | D:3      | Gained mutation: You are clumsy. (Dex -2) [Xom's mischief]
  3507 | D:3      | Gained mutation: You have sharp toenails. [Xom's mischief]
  3623 | D:3      | Gained mutation: You are very clumsy. (Dex -4) [mutagenic
                  | glow]
  3641 | D:3      | Gained mutation: You have hidden genetic defects.
                  | [mutagenic glow]
  3720 | D:4      | Gained mutation: You do not regenerate when monsters are
                  | visible. [hidden defects]
  3730 | D:4      | XOM: butterfly on damage
  3734 | D:4      | Reached XP level 6. HP: 19/55 MP: 5/5
  3734 | D:4      | XOM: smoke on damage
  3734 | D:4      | Killed from afar by an orc priest

Illustrated notes

Levels and vault maps discovered:
D:1:      ncdulo_watergridlock, layout_rooms, serial_shops, shop,
          patterned_corridor
D:2:      layout_basic, hellmonk_ecumenical_altar_heavens_door, st_stairs_1,
          uniq_terence
D:3:      layout_loops_ring
D:4:      layout_cave_pools, minmay_goblin_kobold_house

Skill      XL: |  1  2  3  4  5 |
---------------+----------------+-----
Fighting       | 4 |  4.8
Maces & Flails | 4 5 |  5.8
Armour         | 3 4 |  4.2
Dodging        | 2 |  2.4
Long Blades    | |  0.1
Stealth        | |  0.3
Shields        | |  0.4

Action                   |  1- 3 |  4- 6 || total
-------------------------+-------+-------++-------
Melee: Mace              |    60 |   134 ||   194
       Headbutt          |     9 |    16 ||    25
       Punch             |     1 |       ||     1
       Falchion          |     5 |       ||     5
       Kick              |       |     3 ||     3
Armor: Leather armour    |    19 |       ||    19
       Ring mail         |    13 |    77 ||    90
Dodge: Dodged            |    49 |    78 ||   127
Block: Kite shield       |       |    12 ||    12
